SAA
IRVING BLUE SOX @ BETHESDA ATOMS
08/09/2026
 
TOP OF THE 1ST
Irving Blue Sox batting - Pitching for Bethesda Atoms : LHP Phil Miller
Pitching: LHP Phil Miller
Batting: SHB Pancho De La Rosa 0-0: Ball
1-0: Ground out 4-3 (Groundball, 4)
Batting: RHB Theron Hammond 0-0: Swinging Strike
0-1: Swinging Strike
0-2: Ball
1-2: Ball
2-2: Strikes out swinging
Batting: RHB Chi-hyeong Ho 0-0: Ball
1-0: Ball
2-0: Ball
3-0: Called Strike
3-1: Foul Ball, location: 2F
3-2: Foul Ball, location: 2F
3-2: SINGLE (Groundball, 56) (infield hit)
Batting: LHB Ricardo Ríos 0-0: SINGLE (Line Drive, 9S)
Chi-hyeong Ho to second
Batting: SHB Ron Peterson 0-0: Ball
1-0: Foul Ball, location: 2F
1-1: Ball
2-1: Foul Ball, location: 2F
2-2: Ball
3-2: Fly out, F9 (Flyball, 9)
Top of the 1st over - 0 run(s), 2 hit(s), 0 error(s), 2 left on base; Irving 0 - Bethesda 0
BOTTOM OF THE 1ST
Bethesda Atoms batting - Pitching for Irving Blue Sox : RHP Jim Unknown
Pitching: RHP Jim Unknown
Batting: RHB Juan Camacho 0-0: Bunt for hit - play at first, batter OUT! 1-3
Batting: RHB Carlos Soto 0-0: Ground out 6-3 (Groundball, 6)
Batting: RHB Enrique Ibarra 0-0: Ball
1-0: Called Strike
1-1: Ball
2-1: Ball
3-1: Called Strike
3-2: Strikes out swinging
Bottom of the 1st over - 0 run(s), 0 hit(s), 0 error(s), 0 left on base; Irving 0 - Bethesda 0
TOP OF THE 2ND
Irving Blue Sox batting - Pitching for Bethesda Atoms : LHP Phil Miller
Batting: RHB Carlos De Jesús 0-0: Swinging Strike
0-1: Ball
1-1: Ball
2-1: TRIPLE (Flyball, 89XD)
Batting: RHB Carlos Ramírez 0-0: Ground out 6-3 (Groundball, 6)
Carlos De Jesús scores
Batting: RHB Jim Unknown 0-0: Called Strike
0-1: Ground out 6-3 (Groundball, 6)
Batting: RHB Manny Gonzáles 0-0: Called Strike
0-1: Fly out, F4 (Popup, 3D)
Top of the 2nd over - 1 run(s), 1 hit(s), 0 error(s), 0 left on base; Irving 1 - Bethesda 0
BOTTOM OF THE 2ND
Bethesda Atoms batting - Pitching for Irving Blue Sox : RHP Jim Unknown
Batting: RHB Chase Mooney 0-0: Foul Ball, location: 2F
0-1: Foul Ball, location: 2F
0-2: Strikes out swinging
Batting: RHB José Leyva 0-0: Ground out 5-3 (Groundball, 56S)
Batting: RHB William Walls 0-0: Ball
1-0: Swinging Strike
1-1: Ball
2-1: Ball
3-1: Base on Balls
Batting: RHB Carlos Deleón 0-0: Ball
1-0: Called Strike
1-1: SINGLE (Flyball, 7LM)
William Walls to second
Batting: RHB Marc Beck 0-0: Ball
1-0: Swinging Strike
1-1: Called Strike
1-2: Fly out, F9 (Flyball, 9)
Bottom of the 2nd over - 0 run(s), 1 hit(s), 0 error(s), 2 left on base; Irving 1 - Bethesda 0
TOP OF THE 3RD
Irving Blue Sox batting - Pitching for Bethesda Atoms : LHP Phil Miller
Batting: SHB Pancho De La Rosa 0-0: Ball
1-0: Called Strike
1-1: Ball
2-1: Foul Ball, location: 2F
2-2: Fly out, F9 (Line Drive, 89M)
Batting: RHB Theron Hammond 0-0: Called Strike
0-1: Ball
1-1: Ball
2-1: Ground out 4-3 (Groundball, 4S)
Batting: RHB Chi-hyeong Ho 0-0: Called Strike
0-1: Called Strike
0-2: Foul Ball, location: 2F
0-2: Ball
1-2: Ball
2-2: Ball
3-2: Foul Ball, location: 2F
3-2: Foul Ball, location: 2F
3-2: Base on Balls
Batting: LHB Ricardo Ríos 0-0: Swinging Strike
0-1: Called Strike
0-2: Strikes out swinging
Top of the 3rd over - 0 run(s), 0 hit(s), 0 error(s), 1 left on base; Irving 1 - Bethesda 0
BOTTOM OF THE 3RD
Bethesda Atoms batting - Pitching for Irving Blue Sox : RHP Jim Unknown
Batting: RHB Ernesto López 0-0: Ball
1-0: Called Strike
1-1: Foul Ball, location: 2F
1-2: SINGLE (Groundball, 56S) (infield hit)
Batting: RHB Juan Camacho 0-0: Ball
1-0: Ball
Wild Pitch!
Ernesto López to second
2-0: Foul Ball, location: 2F
2-1: SINGLE (Groundball, 6MD)
Ernesto López to third
Batting: RHB Carlos Soto 0-0: SINGLE (Flyball, 8RS)
Ernesto López scores
Juan Camacho to second
Batting: RHB Enrique Ibarra 0-0: Ball
1-0: Ball
2-0: Ball
3-0: Base on Balls
Juan Camacho to third
Carlos Soto to second
Batting: RHB Chase Mooney 0-0: Called Strike
0-1: Ball
1-1: Foul Ball, location: 2F
1-2: SINGLE (Flyball, 8RS)
Juan Camacho scores
Carlos Soto to third
Enrique Ibarra to second
Batting: RHB José Leyva 0-0: Ball
1-0: Swinging Strike
1-1: Called Strike
1-2: Ball
Wild Pitch!
Carlos Soto scores
Enrique Ibarra to third
Chase Mooney to second
2-2: Strikes out swinging
Batting: RHB William Walls 0-0: Ball
1-0: Ball
2-0: Foul Ball, location: 2F
2-1: Called Strike
2-2: Ball
3-2: Ground out 4-3 (Groundball, 4)
Enrique Ibarra scores
Chase Mooney to third
Batting: RHB Carlos Deleón 0-0: Foul Ball, location: 2F
0-1: Foul Ball, location: 2F
0-2: Ball
1-2: Ball
2-2: SINGLE (Line Drive, 6D)
Chase Mooney scores
Batting: RHB Marc Beck 0-0: Ball
1-0: Fly out, F9 (Flyball, 89M)
Bottom of the 3rd over - 5 run(s), 5 hit(s), 0 error(s), 1 left on base; Irving 1 - Bethesda 5
TOP OF THE 4TH
Irving Blue Sox batting - Pitching for Bethesda Atoms : LHP Phil Miller
Batting: SHB Ron Peterson 0-0: Ball
1-0: Called Strike
1-1: Foul Ball, location: 2F
1-2: Ball
2-2: Ball
3-2: Base on Balls
Batting: RHB Carlos De Jesús 0-0: Swinging Strike
0-1: Ball
1-1: Ball
2-1: Swinging Strike
2-2: Strikes out swinging
Batting: RHB Carlos Ramírez 0-0: Ball
1-0: Ball
2-0: Swinging Strike
2-1: Foul Ball, location: 2F
2-2: Foul Ball, location: 2F
2-2: Strikes out swinging
Batting: RHB Jim Unknown 0-0: Called Strike
0-1: Ball
1-1: Ball
2-1: Called Strike
2-2: Foul Ball, location: 2F
2-2: Ball
3-2: 2-RUN HOME RUN (Flyball, 8LD), Distance : 431 ft
Batting: RHB Manny Gonzáles 0-0: Ground out 6-3 (Groundball, 6)
Top of the 4th over - 2 run(s), 1 hit(s), 0 error(s), 0 left on base; Irving 3 - Bethesda 5
BOTTOM OF THE 4TH
Bethesda Atoms batting - Pitching for Irving Blue Sox : RHP Jim Unknown
Batting: RHB Ernesto López 0-0: SINGLE (Line Drive, 4MD)
Batting: RHB Juan Camacho 0-0: Ball
1-0: Ball
2-0: SINGLE (Groundball, 56S) (infield hit)
Ernesto López to second
Batting: RHB Carlos Soto 0-0: Called Strike
0-1: Foul Ball, location: 2F
0-2: Grounds into double play, 5-4-3 (Groundball, 56)
Ernesto López to third
Batting: RHB Enrique Ibarra 0-0: Ball
1-0: Fly out, F4 (Line Drive, 4M)
Bottom of the 4th over - 0 run(s), 2 hit(s), 0 error(s), 1 left on base; Irving 3 - Bethesda 5
TOP OF THE 5TH
Irving Blue Sox batting - Pitching for Bethesda Atoms : LHP Phil Miller
Now at SS: Carlos León
Batting: SHB Pancho De La Rosa 0-0: Ball
1-0: Ball
2-0: Ball
3-0: Called Strike
3-1: Called Strike
3-2: Foul Ball, location: 2F
3-2: Foul Ball, location: 2F
3-2: Strikes out swinging
Batting: RHB Theron Hammond 0-0: Ball
1-0: Called Strike
1-1: Ball
2-1: Swinging Strike
2-2: Strikes out swinging
Batting: RHB Chi-hyeong Ho 0-0: DOUBLE (Line Drive, 7)
Batting: LHB Ricardo Ríos 0-0: Foul Ball, location: 2F
0-1: Called Strike
0-2: Strikes out swinging
Top of the 5th over - 0 run(s), 1 hit(s), 0 error(s), 1 left on base; Irving 3 - Bethesda 5
BOTTOM OF THE 5TH
Bethesda Atoms batting - Pitching for Irving Blue Sox : RHP Jim Unknown
Batting: RHB Carlos León 0-0: Ball
1-0: Called Strike
1-1: Called Strike
1-2: Ball
2-2: Strikes out swinging
Batting: RHB José Leyva 0-0: Ball
1-0: Ball
2-0: Ground out 5-3 (Groundball, 5)
Batting: RHB William Walls 0-0: Ball
1-0: Ball
2-0: Ball
3-0: Base on Balls
Batting: RHB Carlos Deleón 0-0: Ball
Throwing error on steal attempt, E2
William Walls to third
1-0: Called Strike
1-1: Ball
2-1: Ball
3-1: Fly out, F9 (Flyball, 9S)
Bottom of the 5th over - 0 run(s), 0 hit(s), 1 error(s), 1 left on base; Irving 3 - Bethesda 5
TOP OF THE 6TH
Irving Blue Sox batting - Pitching for Bethesda Atoms : LHP Phil Miller
Batting: SHB Ron Peterson 0-0: Fly out, F8 (Flyball, 8RS)
Batting: RHB Carlos De Jesús 0-0: Ball
1-0: Called Strike
1-1: Foul Ball, location: 2F
1-2: Strikes out swinging
Batting: RHB Carlos Ramírez 0-0: Called Strike
0-1: Swinging Strike
0-2: Strikes out looking
Top of the 6th over - 0 run(s), 0 hit(s), 0 error(s), 0 left on base; Irving 3 - Bethesda 5
BOTTOM OF THE 6TH
Bethesda Atoms batting - Pitching for Irving Blue Sox : RHP Jim Unknown
Batting: RHB Marc Beck 0-0: Foul Ball, location: 2F
0-1: Bunt missed!
0-2: Foul Ball, location: 2F
0-2: Ball
1-2: Foul Ball, location: 2F
1-2: Ball
2-2: Foul Ball, location: 2F
2-2: Ball
3-2: Ground out 6-3 (Groundball, 6)
Batting: RHB Ernesto López 0-0: Ball
1-0: Called Strike
1-1: Called Strike
1-2: Foul Ball, location: 2F
1-2: Ball
2-2: Ball
3-2: SINGLE (Groundball, 34D)
Batting: RHB Juan Camacho 0-0: Called Strike
0-1: Swinging Strike
0-2: Ball
1-2: Ball
Ernesto López is caught stealing 2nd base
2-2: SINGLE (Line Drive, 8LS)
Batting: RHB Carlos Soto 0-0: Ball
1-0: Ball
2-0: Ball
Juan Camacho steals 2nd base
3-0: Called Strike
3-1: Ground out 6-3 (Groundball, 6)
Bottom of the 6th over - 0 run(s), 2 hit(s), 0 error(s), 1 left on base; Irving 3 - Bethesda 5
TOP OF THE 7TH
Irving Blue Sox batting - Pitching for Bethesda Atoms : LHP Phil Miller
Batting: RHB Jim Unknown 0-0: Called Strike
0-1: SOLO HOME RUN (Flyball, 7D), Distance : 357 ft
Batting: RHB Manny Gonzáles 0-0: Foul Ball, location: 2F
0-1: Called Strike
0-2: Ball
1-2: Ball
2-2: SINGLE (Groundball, 34D)
Batting: SHB Pancho De La Rosa 0-0: Bunted foul
0-1: Sac Bunt - play at first, batter OUT! 1-4
Manny Gonzáles to second
Batting: RHB Theron Hammond 0-0: Foul Ball, location: 2F
0-1: Foul Ball, location: 2F
0-2: Ball
1-2: Strikes out looking
Batting: RHB Chi-hyeong Ho 0-0: Ball
1-0: Called Strike
1-1: Swinging Strike
1-2: Foul Ball, location: 2F
1-2: Ball
2-2: DOUBLE (Line Drive, 7LD)
Manny Gonzáles scores
Pitching: RHP Matt Davenport
Batting: LHB Ricardo Ríos 0-0: Called Strike
0-1: Foul Ball, location: 2F
0-2: Strikes out swinging
Top of the 7th over - 2 run(s), 3 hit(s), 0 error(s), 1 left on base; Irving 5 - Bethesda 5
BOTTOM OF THE 7TH
Bethesda Atoms batting - Pitching for Irving Blue Sox : RHP Jim Unknown
Batting: RHB Enrique Ibarra 0-0: Called Strike
0-1: Called Strike
0-2: Foul Ball, location: 2F
0-2: Fly out, F1 (Line Drive, 15)
Pinch Hitting: SHB Shawn Sánchez 0-0: Called Strike
0-1: Ball
1-1: Ground out 4-3 (Groundball, 4)
Batting: RHB José Leyva 0-0: Ball
1-0: Ground out 6-3 (Groundball, 6)
Bottom of the 7th over - 0 run(s), 0 hit(s), 0 error(s), 0 left on base; Irving 5 - Bethesda 5
TOP OF THE 8TH
Irving Blue Sox batting - Pitching for Bethesda Atoms : RHP Matt Davenport
Now at SS: Shawn Sánchez
Batting: SHB Ron Peterson 0-0: Ball
1-0: Fly out, F9 (Line Drive, 9S)
Pinch Hitting: LHB Jim Unknown 0-0: Ball
1-0: Fly out, F7 (Flyball, 7LS)
Batting: RHB Carlos Ramírez 0-0: Ball
1-0: Ball
2-0: Fly out, F9 (Flyball, 89S)
Top of the 8th over - 0 run(s), 0 hit(s), 0 error(s), 0 left on base; Irving 5 - Bethesda 5
BOTTOM OF THE 8TH
Bethesda Atoms batting - Pitching for Irving Blue Sox : RHP Jim Unknown
Pitching: RHP Jim Unknown
Now in CF: Jim Unknown
Pinch Hitting: RHB Jim Unknown 0-0: Ball
1-0: Swinging Strike
1-1: Called Strike
1-2: SOLO HOME RUN (Line Drive, 78XD), Distance : 413 ft
Batting: RHB Carlos Deleón 0-0: Fly out, F7 (Flyball, 78M)
Batting: RHB Marc Beck 0-0: Called Strike
0-1: Ball
1-1: Ball
2-1: Called Strike
2-2: Ball
3-2: SINGLE (Line Drive, 4D)
Pinch Hitting: LHB Raúl Godines 0-0: Ball
Marc Beck steals 2nd base
1-0: Intentional Walk
Batting: RHB Juan Camacho 0-0: Swinging Strike
0-1: Ball
1-1: Called Strike
1-2: Strikes out swinging
Pinch Hitting: RHB Roy McFerran 0-0: SINGLE (Flyball, 8LS)
Marc Beck to third
Raúl Godines to second
Runner from 3rd tries for Home, SAFE, no throw
Batting: RHB Enrique Ibarra 0-0: Ball
1-0: Ball
2-0: Foul Ball, location: 2F
2-1: Foul Ball, location: 2F
2-2: Fly out, F8 (Flyball, 8RM)
Bottom of the 8th over - 2 run(s), 3 hit(s), 0 error(s), 2 left on base; Irving 5 - Bethesda 7
TOP OF THE 9TH
Irving Blue Sox batting - Pitching for Bethesda Atoms : RHP Matt Davenport
Pitching: RHP Ashweather Cett
Now at 1B: Pedro Clemente
Now at 3B: Jack Willis
Now in RF: Jim Unknown
Batting: RHB Jim Unknown 0-0: Foul Ball, location: 2F
0-1: SOLO HOME RUN (Flyball, 7D), Distance : 360 ft
Batting: RHB Manny Gonzáles 0-0: Ball
1-0: Ball
2-0: Fly out, F7 (Flyball, 78S)
Batting: SHB Pancho De La Rosa 0-0: Ball
1-0: Called Strike
1-1: Ball
2-1: Ground out 5-3 (Groundball, 5)
Batting: RHB Theron Hammond 0-0: Ball
1-0: Fly out, F9 (Flyball, 9LSF)
Top of the 9th over - 1 run(s), 1 hit(s), 0 error(s), 0 left on base; Irving 6 - Bethesda 7
Monday, March 20th, 2017 - OOTP Baseball 17.12 Build 75